 Dungeon Crawl Stone Soup version 0.19-a0-1041-g82b1012 (webtiles) character file.

12972 poirepourri the Cleaver (level 11, -12/106 HPs)
             Began as a Deep Dwarf Fighter on July 30, 2016.
             Was an Elder of Pakellas.
             Mangled by a shadow (29 damage)
             ... on level 12 of the Dungeon.
             The game lasted 00:24:28 (10681 turns).

poirepourri the Cleaver (Deep Dwarf Fighter)       Turns: 10681, Time: 00:24:29

Health: -12/106    AC: 13    Str: 23    XL:     11   Next: 69%
Magic:  2/10       EV: 11    Int:  9    God:    Pakellas [****..]
Gold:   397        SH: 12    Dex: 12    Spells: 0 memorised, 10 levels left

rFire  x . .     SeeInvis .     a - +1 war axe
rCold  + . .     Gourm    .     b - +0 scale mail
rNeg   . . .     Faith    .     c - +1 shield
rPois  .         Spirit   .     (no helmet)
rElec  .         Dismiss  .     y - -2 cloak
rCorr  .         Reflect  .     t - +1 pair of gloves
SustAt .         Harm     .     h - +2 pair of boots
MR     +....                    (no amulet)
Stlth  +.........               m - ring of ice
                                n - ring of stealth

@: lethally poisoned (-12 -> -41), very slightly contaminated, non-regenerating,
hasted, very quick, somewhat resistant to hostile enchantments, very unstealthy
A: damage resistance, recharge devices, sense surroundings 2, slow regeneration
3
a: Device Recharging, Quick Charge, Device Surge, Renounce Religion


You were on level 12 of the Dungeon.
You worshipped Pakellas.
Pakellas was greatly pleased with you.
You were not hungry.

You visited 1 branch of the dungeon, and saw 12 of its levels.

You collected 703 gold pieces.
You spent 306 gold pieces at shops.

Inventory:

Hand Weapons
 a - a +1 war axe (weapon)
 g - a +0 hand crossbow
Missiles
 j - 112 bolts
Armour
 b - a +0 scale mail (worn)
 c - a +1 shield (worn)
 h - a +2 pair of boots (worn)
 t - a +1 pair of gloves (worn)
 y - a -2 cloak (worn)
Rods
 s - a +1 rod of ignition (14/14)
   (Pakellas gifted it to you on level 9 of the Dungeon)
Jewellery
 m - a ring of ice (right hand)
 n - a ring of stealth (left hand)
 q - a +2 ring of intelligence (quivered)
Wands
 e - a wand of heal wounds (0/9)
 l - a wand of confusion (22/48)
 A - a wand of paralysis (5/24)
 D - a wand of lightning (0/15)
 G - a wand of random effects (32/48)
Scrolls
 d - a scroll of noise
 f - 3 scrolls of amnesia
 p - 6 scrolls of remove curse
Potions
 i - 2 potions of mutation
 k - 3 potions of curing
 o - a potion of cure mutation
 u - a potion of brilliance
 x - 2 potions of magic
 z - a potion of invisibility {unknown}
 F - a potion of lignification
Miscellaneous
 B - a disc of storms
Comestibles
 r - 2 beef jerkies
 v - a meat ration
 E - 2 bread rations


   Skills:
 + Level 9.5 Fighting
 + Level 12.7 Axes
 + Level 7.4 Armour
 + Level 5.9 Dodging
 - Level 0.3 Stealth
 + Level 7.0 Shields
 + Level 6.1 Evocations


You had 10 spell levels left.
You didn't know any spells.

Dungeon Overview and Level Annotations

Branches:
Dungeon (12/15)            Temple (0/1) D:7            Lair (0/6) D:11
    Orc (0/2) D:9

Altars:
Hepliaklqana
Pakellas
Sif Muna
Uskayaw
Vehumet

Shops:
D:4 **=*   D:7 !

Annotations:
D:12 Rupert


Innate Abilities, Weirdness & Mutations

You are resistant to damage.
You can recharge devices by infusing magical energy.
You passively map the area around you.
You do not regenerate naturally.


Message History

You slash the shadow!
You feel sick.
Unknown command.
You hit Rupert.
Rupert is heavily wounded.
You slash the shadow!
You feel sick.
The shadow slips into darkness.
The shadow flickers and vanishes!
Deactivating autopickup; reactivate with Ctrl-A.
Rupert screams, "Get ready!
I'll kill you!
Or something like that..."
Rupert hits you with a great mace of venom!
* * * LOW HITPOINT WARNING * * *
You are lethally poisoned!
You slash Rupert!
Rupert is severely wounded.
You barely miss something.
* * * LOW HITPOINT WARNING * * *
You feel very sick.
The shadow strikes at you from the darkness!
You die...
Pakellas says: Time to start the next experiment...

#...# #..# #...# #.
#...# #..# #...# #. ,,
#..# #...# #. ,
.#####..# #...# #. * *
......$.# #...# #.
.#####..########...#
#. *, ,
#.............# #. ,
#...@.........#######.
#....@{...>...........
*
#.#########...........
, #. #..#######.. *,
#. #..# #.. , #.* #..#
#.. * #.* ..# #.. , #.
#.. * * *, #.. *, #..


You could see Rupert.

Vanquished Creatures
  Sonja (D:12)
  2 hill giants
  Pikel (D:5)
  A cyclops (D:11)
  An ugly thing (D:11)
  A kobold demonologist (D:11)
  A tengu conjurer (D:12)
  4 trolls
  Grinder (D:5)
  Sigmund (D:4)
  8 yaks
  A hippogriff (D:11)
  A hungry ghost (D:10)
  2 hell hounds (D:11)
  2 water moccasins
  2 sky beasts (D:11)
  2 ice beasts
  An eye of draining (D:10)
  2 phantoms (D:9)
  2 orc warriors
  4 black bears
  A necrophage (D:5)
  3 slaves (D:5)
  A wasp (D:8)
  8 centaurs
  8 ogres
  4 big kobolds
  7 giant frogs
  2 gnoll sergeants
  3 scorpions
  8 wights
  7 killer bees
  4 electric eels (D:10)
  5 howler monkeys
  5 crimson imps
  2 quasits
  A wasp zombie (D:7)
  9 hounds
  4 centaur zombies
  3 giant frog skeletons
  9 orc priests
  6 iguanas
  13 worker ants
  10 orc wizards
  A hound skeleton (D:11)
  A worker ant zombie (D:11)
  10 gnolls
  9 adders
  3 shadow imps
  A worm (D:2)
  3 dart slugs (D:1)
  3 giant geckos
  60 orcs
  3 ball pythons (D:4)
  5 bats
  5 giant cockroaches
  11 goblins
  4 hobgoblins (D:1)
  16 jackals
  33 kobolds
  6 quokkas
  A giant gecko zombie (D:8)
  10 giant newts
  A quokka skeleton (D:4)
  A quokka zombie (D:9)
  3 rats
  A plant (D:4)
355 creatures vanquished.

Vanquished Creatures (collateral kills)
  A wight (D:8)
  3 gnolls (D:8)
4 creatures vanquished.

Grand Total: 359 creatures vanquished

Notes
Turn   | Place    | Note
-------+----------+-------------------------------------------
     0 | D:1      | poirepourri the Deep Dwarf Fighter began the quest for the Orb.
     0 | D:1      | Reached XP level 1. HP: 20/20 MP: 1/1
    64 | D:1      | Reached XP level 2. HP: 24/27 MP: 2/2
   301 | D:1      | Reached XP level 3. HP: 30/34 MP: 3/3
   836 | D:2      | Reached skill level 3 in Axes
  1590 | D:3      | Reached XP level 4. HP: 29/43 MP: 4/4
  1725 | D:3      | Found a faded altar of an unknown god.
  2215 | D:4      | Found Punweobb's General Store.
  2223 | D:4      | Bought a scroll of enchant weapon for 105 gold pieces
  2223 | D:4      | Bought 24 bolts for 67 gold pieces
  2331 | D:4      | Found a hazy altar of Hepliaklqana.
  2380 | D:4      | Found Tinarisa's Assorted Antiques.
  2387 | D:4      | Reached skill level 4 in Axes
  2387 | D:4      | Reached XP level 5. HP: 44/50 MP: 5/5
  2566 | D:4      | Reached XP level 6. HP: 52/58 MP: 6/6
  2573 | D:4      | Reached skill level 5 in Axes
  2590 | D:4      | Noticed Sigmund
  2598 | D:4      | Killed Sigmund
  2598 | D:4      | Reached skill level 5 in Fighting
  2598 | D:4      | Reached skill level 6 in Axes
  2598 | D:4      | Reached XP level 7. HP: 54/67 MP: 7/7
  2613 | D:4      | Found Zaewosul's General Store.
  2629 | D:4      | Bought a scroll of identify for 24 gold pieces
  2820 | D:4      | Reached skill level 1 in Evocations
  2894 | D:4      | Found Ofofapy's Jewellery Shoppe.
  3278 | D:4      | Reached skill level 7 in Axes
  3380 | D:5      | Entered Level 5 of the Dungeon
  3387 | D:5      | Found an oddly glowing altar of Pakellas.
  3399 | D:5      | Became a worshipper of Pakellas the Inventive
  3465 | D:5      | Noticed Pikel
  3533 | D:5      | Killed Pikel
  3533 | D:5      | Reached skill level 8 in Axes
  3533 | D:5      | Reached XP level 8. HP: 73/78 MP: 6/8
  3579 | D:5      | Reached skill level 9 in Axes
  3649 | D:5      | Noticed Grinder
  3666 | D:5      | Paralysed by Grinder for 5 turns
  3688 | D:5      | Killed Grinder
  3688 | D:5      | Reached * piety under Pakellas
  3688 | D:5      | Received a gift from Pakellas
  3884 | D:5      | Gained mutation: You passively map the area around you. [Deep Dwarf growth]
  3884 | D:5      | Reached XP level 9. HP: 33/86 MP: 9/9
  4497 | D:6      | Reached skill level 10 in Axes
  4837 | D:6      | Found a deep blue altar of Sif Muna.
  5091 | D:7      | Found a staircase to the Ecumenical Temple.
  5242 | D:7      | Reached ** piety under Pakellas
  5242 | D:7      | Received a gift from Pakellas
  5436 | D:7      | Found a radiant altar of Vehumet.
  5681 | D:7      | Found Wiasos's Distillery.
  5875 | D:7      | Bought a potion of curing for 30 gold pieces
  5875 | D:7      | Bought a potion of curing for 30 gold pieces
  5875 | D:7      | Bought a potion of heal wounds for 50 gold pieces
  6231 | D:8      | Paralysed by a wasp for 1 turns
  6271 | D:8      | Reached skill level 1 in Dodging
  6279 | D:8      | Reached skill level 5 in Armour
  6283 | D:8      | Reached *** piety under Pakellas
  6283 | D:8      | Received a gift from Pakellas
  6327 | D:8      | Found a hide-covered altar of Uskayaw.
  6329 | D:8      | Reached skill level 11 in Axes
  6447 | D:8      | Reached XP level 10. HP: 96/96 MP: 10/10
  6539 | D:8      | Reached **** piety under Pakellas
  6539 | D:8      | Received a gift from Pakellas
  6968 | D:9      | Reached skill level 5 in Shields
  7442 | D:9      | Found a staircase to the Orcish Mines.
  7544 | D:9      | Reached ***** piety under Pakellas
  7544 | D:9      | Received a gift from Pakellas
  7767 | D:10     | Entered Level 10 of the Dungeon
  8109 | D:10     | Reached skill level 5 in Evocations
  8870 | D:10     | HP: 4/99 [electric eel/bolt of electricity (6)]
  9010 | D:10     | Reached XP level 11. HP: 46/106 MP: 3/11
  9214 | D:10     | Reached skill level 12 in Axes
  9303 | D:11     | Found a staircase to the Lair.
  9325 | D:11     | Noticed a green ugly thing
  9532 | D:11     | Reached skill level 5 in Dodging
  9702 | D:11     | Killed a green ugly thing
 10040 | D:11     | Noticed a hill giant
 10060 | D:11     | Killed a hill giant
 10336 | D:12     | Noticed a hill giant
 10351 | D:12     | Killed a hill giant
 10484 | D:12     | Noticed Sonja
 10492 | D:12     | Killed Sonja
 10629 | D:12     | Noticed Rupert
 10637 | D:12     | Paralysed by Rupert for 7 turns
 10647 | D:12     | HP: 5/106 [Rupert/great mace of venom (24)]
 10658 | D:12     | HP: 3/106 [poisoned by Rupert]
 10659 | D:12     | HP: 1/106 [poisoned by Rupert]
 10681 | D:12     | Mangled by a shadow

Vault maps used:
D:1:      minmay_arrival_stair_chambers
D:2:      minmay_newt_pond
D:3:      ecumenical_altar_2
D:4:      kennysheep_kobold_camp, kennysheep_little_box, first_bread,
          serial_shops, kennysheep_mini, shop, shop_fountains,
          nicolae_shop_crystal, hangedman_decor_push, uniq_sigmund
D:5:      black_bear_nest_2, lemuel_crystal_altar, fountainhead, uniq_grinder,
          uniq_pikel
D:6:      led_sif_book
D:7:      old_standard_altar, serial_shops, nicolae_shop_waterfront
D:8:      old_standard_altar
D:9:      hiddenorc1_lemuel
D:11:     minmay_lair_entry_lava
D:12:     uniq_sonja, uniq_rupert

Skill      XL: |  1  2  3  4  5  6  7  8  9 10 11 |
---------------+----------------------------------+-----
Fighting       | 3 4 5 6 7 8 9 |  9.5
Axes           | 3 4 6 8 9 11 12 | 12.7
Evocations     | 2 3 5 6 |  6.1
Armour         | 5 6 7 |  7.4
Shields        | 4 6 7 |  7.0
Dodging        | 1 4 5 |  5.9
Stealth        | |  0.3

Action                   |  1- 3 |  4- 6 |  7- 9 | 10-12 || total
-------------------------+-------+-------+-------+-------++-------
Melee: War axe           |   130 |   121 |   437 |   651 ||  1339
Invok: Quick Charge      |       |       |       |    22 ||    22
       Device Surge      |       |       |       |     2 ||     2
 Abil: Device Recharging |       |       |     2 |     3 ||     5
Evoke: Wand              |       |     1 |    19 |    68 ||    88
       Sack of spiders   |       |       |     3 |       ||     3
       Disc of storms    |       |       |       |     5 ||     5
  Use: Scroll            |     7 |     2 |     7 |     7 ||    23
       Potion            |       |     3 |     5 |     9 ||    17
 Stab: Confused          |       |       |     1 |       ||     1
       Sleeping          |       |       |       |     1 ||     1
       Paralysed         |       |       |       |     4 ||     4
       Distracted        |       |       |       |     1 ||     1
  Eat: Meat ration       |     1 |       |     2 |       ||     3
       Bread ration      |       |     1 |     1 |     1 ||     3
       Beef jerky        |       |       |     1 |     1 ||     2
       Royal jelly       |       |       |       |     3 ||     3
Armor: Scale mail        |    87 |    66 |   169 |   244 ||   566
Dodge: Dodged            |    51 |    33 |   130 |   232 ||   446
Block: Shield            |   111 |    66 |   267 |   386 ||   830
